 Dungeon Crawl Stone Soup version 0.20.1-1-g8b1a95d (webtiles) character file.

71 Branduin the Cudgeler (level 4, 0/42 HPs)
             Began as a Troll Warper on Oct 16, 2017.
             Slain by a howler monkey skeleton (1 damage)
             ... on level 4 of the Dungeon.
             The game lasted 00:21:50 (1447 turns).

Branduin the Cudgeler (Troll Warper)                Turns: 1447, Time: 00:21:51

Health: 0/42       AC:  5    Str: 19    XL:     4   Next: 5%
Magic:  5/5        EV: 10    Int:  9    God:
Gold:   29         SH:  0    Dex: 10    Spells: 2/6 levels left

rFire    . . .     SeeInvis .   a - +0 mace
rCold    . . .     Gourm    +   (no shield)
rNeg     . . .     Faith    .   b - +0 robe
rPois    .         Spirit   .   (helmet restricted)
rElec    .         Reflect  .   (no cloak)
rCorr    .         Harm     .   (gloves unavailable)
MR       .....                  (boots unavailable)
Stlth    +.........             (no amulet)
Regen    0.6/turn               (no ring)
MPRegen  0.1/turn               (no ring)

@: no status effects
A: unfitting armour, claws 3, fast metabolism 3, gourmand, regeneration 1,
shaggy fur 1, tough skin 2
a: no special abilities


You were on level 4 of the Dungeon.
You were completely stuffed.

You visited 1 branch of the dungeon, and saw 4 of its levels.

You collected 29 gold pieces.

Inventory:

Hand Weapons
 a - a +0 mace (weapon)
 h - a +0 short sword
 i - a +0 short sword
 m - a +3 dagger of draining
 r - a +0 short sword
 s - a +0 short sword
Missiles
 e - 5 tomahawks of dispersal (quivered)
 k - 186 stones
Armour
 b - a +0 robe (worn)
Scrolls
 d - a scroll of blinking
 g - 2 scrolls of fog
 o - a scroll of teleportation
 v - a scroll of remove curse {unknown}
Potions
 l - a potion of curing
 n - a potion of magic {unknown}
 p - a potion of ambrosia {unknown}
 q - a potion of haste {unknown}
 u - a potion of brilliance {unknown}
Books
 c - a book of Spatial Translocations

   Spells                             Type                      Level
   a - Blink                          Translocation                2
   b - Shroud of Golubria             Charms/Translocation         2
   c - Lesser Beckoning               Translocation                3
   d - Gell's Gravitas                Translocation                3
   e - Teleport Other                 Translocation                3
   f - Passage of Golubria            Translocation                4
Comestibles
 f - 3 bread rations
 j - a royal jelly
 t - 3 chunks of flesh


   Skills:
 + Level 1.9 Fighting
 + Level 2.5 Maces & Flails
 + Level 1.0 Throwing
 + Level 2.4 Dodging
 * Level 0.5 Stealth
 * Level 1.6 Spellcasting
 + Level 2.1 Translocations


You had 2 spell levels left.
You knew the following spells:

 Your Spells              Type           Power        Failure   Level  Hunger
a - Blink                 Tloc           N/A          22%         2    ###....
b - Shroud of Golubria    Chrm/Tloc      #.........   32%         2    ###....


Dungeon Overview and Level Annotations

Branches:
Dungeon (4/15)
 Temple: D:4-7

Altars:


Innate Abilities, Weirdness & Mutations

You are too large for most types of armour.
You have claws for hands.
Your metabolism is lightning-fast.
You like to eat raw meat.
Your natural rate of healing is unusually fast.
You are covered in fur. (AC +1)
You have very tough skin. (AC +2)


Message History

* * * LOW HITPOINT WARNING * * *
You hit the ooze.
The ooze is lightly wounded.
The howler monkey skeleton hits you but does no damage.
The orc hits something but does no damage.
The ooze hits you but does no damage. The howler monkey skeleton hits you.
* * * LOW HITPOINT WARNING * * *
The orc hits something but does no damage.
You hit the orc.
The orc is heavily wounded.
The ooze hits you but does no damage. The orc hits you with a club.
* * * LOW HITPOINT WARNING * * *
The orc hits something but does no damage.
The howler monkey skeleton hits you.
* * * LOW HITPOINT WARNING * * *
You closely miss the orc.
The orc is heavily wounded.
The ooze closely misses you. The orc closely misses you.
The howler monkey skeleton hits you.
You die...

.. ### .. #..
#. #.#
#.####.#
#...##.#
##$.....#
#.oP♣oJ.##
...).
#..)♣P♣@.#
#...
##.Z.♣♣Zo#
#... ##...oZ##
#..#
#..{..####
#..#
##.......#
#..# #######.#
#..#
#.#########..#
#.!..........#
###########.##


You could see an ooze, 3 orcs, a jackal skeleton and a howler monkey skeleton.

Vanquished Creatures
  Terence (D:2)
  2 adders
  A leopard gecko (D:1)
  An orc (D:4)
  2 bats (D:1)
  A giant cockroach (D:2)
  2 goblins
  4 hobgoblins
  7 kobolds
  A frilled lizard (D:1)
  6 rats
28 creatures vanquished.

Notes
Turn   | Place    | Note
-------+----------+-------------------------------------------
     0 | D:1      | Branduin the Troll Warper began the quest for the Orb.
     0 | D:1      | Reached XP level 1. HP: 19/19 MP: 1/1
   234 | D:1      | Reached skill level 1 in Throwing
   440 | D:1      | Reached XP level 2. HP: 15/27 MP: 3/3
  1074 | D:2      | Reached XP level 3. HP: 33/33 MP: 4/4
  1096 | D:2      | Learned a level 2 spell: Blink
  1099 | D:2      | Learned a level 2 spell: Shroud of Golubria
  1186 | D:2      | Noticed Terence
  1213 | D:2      | Killed Terence
  1437 | D:4      | Reached XP level 4. HP: 15/42 MP: 5/5
  1446 | D:4      | HP: 1/42 [howler monkey skeleton (3)]
  1447 | D:4      | Slain by a howler monkey skeleton

Skill      XL: |  1  2 |
---------------+-------+-----
Dodging        | 2 |  2.4
Throwing       | 1 |  1.0
Maces & Flails | 2 |  2.5
Fighting       | |  1.9
Stealth        | |  0.5
Spellcasting   | |  1.6
Translocations | |  2.1

Action                   |  1- 3 |  4- 6 || total
-------------------------+-------+-------++-------
Melee: Mace              |   128 |     3 ||   131
  Use: Scroll            |     4 |       ||     4
       Potion            |       |     1 ||     1
  Eat: Chunk             |    19 |       ||    19
Armor: Robe              |    85 |     6 ||    91
Dodge: Dodged            |   125 |     5 ||   130
